 Dungeon Crawl Stone Soup version 0.18.1-5-g4a78601 (webtiles) character file.

905 epen the Cudgeler (level 8, -5/48 HPs)
             Began as a Gargoyle Gladiator on May 14, 2016.
             Was a Believer of Okawaru.
             Slain by an ice beast (9 damage)
             ... on level 5 of the Dungeon.
             The game lasted 00:07:56 (4443 turns).

epen the Cudgeler (Gargoyle Gladiator)              Turns: 4443, Time: 00:07:57

Health: -5/48      AC: 17    Str: 22    XL:     8   Next: 8%
Magic:  8/8        EV:  2    Int:  8    God:    Okawaru [**....]
Gold:   272        SH:  0    Dex: -7 (10) Spells: 0 memorised, 7 levels left

rFire  . . .     SeeInvis .     x - +0 trident of Guilt {flame, rElec MR+} (curse)
rCold  . . .     Gourm    .     k - +0 scale mail
rNeg   + . .     Faith    .     (no shield)
rPois  ∞         Spirit   .     c - +0 helmet
rElec  +         Dismiss  .     w - +0 cloak
rCorr  .         Reflect  .     p - +2 pair of gloves
SustAt .         Harm     .     (no boots)
MR     +....                    D - amulet of inaccuracy (curse)
Stlth  ..........               (no ring)
                                s - ring of poison resistance

@: slowed, lost dexterity, very slow, somewhat resistant to hostile
enchantments, extremely unstealthy
A: negative energy resistance 1, electricity resistance, unbreathing,
petrification resistance, rot immunity, AC +5
a: Heroism, Renounce Religion


You were on level 5 of the Dungeon.
You worshipped Okawaru.
Okawaru was pleased with you.
You were near starving.

You visited 1 branch of the dungeon, and saw 5 of its levels.

You collected 272 gold pieces.

Inventory:

Hand Weapons
 a - a +1 flail
 x - the cursed +0 trident of Guilt (weapon) {flame, rElec MR+}
   (You found it on level 4 of the Dungeon)

   It has been specially enchanted to burn those struck by it, causing extra
   injury to most foes and up to half again as much damage against particularly
   susceptible opponents.
   It insulates you from electricity.
   It affects your resistance to hostile enchantments.
   It has a curse placed upon it.
Missiles
 d - 3 throwing nets (quivered)
Armour
 b - a +0 leather armour
 c - a +0 helmet (worn)
 k - a +0 scale mail (worn)
 p - a +2 pair of gloves (worn)
 w - a +0 cloak (worn)
Jewellery
 s - a ring of poison resistance (left hand)
 u - an uncursed ring of fire
 z - an uncursed amulet of magic regeneration
 D - a cursed amulet of inaccuracy (around neck)
Wands
 E - a wand of digging (21/24)
Scrolls
 o - 2 scrolls of identify
 q - 2 scrolls of teleportation
 r - 2 scrolls of recharging
Potions
 e - 2 potions of brilliance {unknown}
 h - a potion of cure mutation {unknown}
 i - 2 potions of heal wounds {unknown}
 l - 2 potions of flight {unknown}
 n - a potion of curing
 t - a potion of resistance {unknown}
 C - 2 potions of haste {unknown}
Comestibles
 f - 5 bread rations
 j - 4 meat rations
 B - a slice of pizza


   Skills:
 + Level 4.7 Fighting
 * Level 5.7 Maces & Flails
 - Level 1.7 Throwing
 + Level 3.7 Armour
 * Level 4.9 Dodging


You had 7 spell levels left.
You didn't know any spells.

Dungeon Overview and Level Annotations

Branches:
Dungeon (5/15)
 Temple: D:4-7

Altars:
Cheibriados
Okawaru
Pakellas
Ru
Trog
Xom
The Shining One

Annotations:
D:4 Edmund


Innate Abilities, Weirdness & Mutations

You are resistant to torment.
Your stone body is resilient (AC +5).
You are immune to poison.
You resist negative energy.
You are resistant to electric shocks.
You can survive without breathing.
You are immune to petrification.
You are immune to rotting.


Message History

The phantom hits you but does no damage.
You barely miss the centaur.
The centaur is almost dead.
The centaur hits you but does no damage.
The centaur hits you.
* * * LOW HITPOINT WARNING * * *
The phantom hits you but does no damage.
The centaur hits you but does no damage.
The phantom hits you but does no damage.
You puncture the centaur! You burn the centaur.
You kill the centaur!
Okawaru accepts your kill.
You have reached level 8!
You feel stronger. The phantom hits you.
* * * LOW HITPOINT WARNING * * *
The ice beast hits you.
* * * LOW HITPOINT WARNING * * *
The ice beast freezes you!
You die...

###..##♣♣♣♣≈♣♣ #.#
#.......#♣≈≈P* ##.#
.....†..#♣≈≈♣♣♣##..#
..####..#♣≈.P♣....####
....##..##..#>.......#
..)....†...##..##.##.#
...............##.##.#
.......#######.##....###
#####.## #.#@W.....#
...##.#******#.#Y###.#.#
##.##.#,,,,,*#....§,,*,*
##.##.*,,,,,*###.##,,*,*
...#*,,,,,,,* #.#*,**,*
##.#***,,,,,* #.#*,**,*
..,* *,,,,,***#..,,,,,*
##.# *****,,,,[.#*,****
#*,# *,****,**,*


You could see a phantom and an ice beast.

Vanquished Creatures
  The ghost of Gorice the Skirmisher, an amateur TeTm (D:4)
  The ghost of epen the Cudgeler, an amateur GrGl of Makhleb (D:3)
  2 centaurs (D:5)
  A giant frog (D:3)
  A hound (D:5)
  2 orc priests
  A giant frog skeleton (D:4)
  5 orc wizards
  A worker ant (D:5)
  Robin (D:4)
  A howler monkey skeleton (D:4)
  4 adders
  2 oozes (D:3)
  An adder zombie (D:5)
  A worm (D:3)
  A dart slug (D:4)
  2 giant geckos
  15 orcs
  4 giant cockroaches
  15 goblins
  15 hobgoblins
  5 jackals
  6 kobolds
  A quokka (D:5)
  4 bats
  A giant gecko skeleton (D:4)
  2 giant newts (D:3)
  11 rats
107 creatures vanquished.

Vanquished Creatures (others)
  A wizard (D:3)
1 creature vanquished.

Grand Total: 108 creatures vanquished

Notes
Turn   | Place    | Note
--------------------------------------------------------------
     0 | D:1      | epen the Gargoyle Gladiator began the quest for the Orb.
     0 | D:1      | Reached XP level 1. HP: 12/12 MP: 1/1
   192 | D:1      | Reached XP level 2. HP: 15/18 MP: 2/2
  1006 | D:2      | Reached XP level 3. HP: 22/22 MP: 3/3
  1092 | D:2      | Found a shimmering altar of Xom.
  1160 | D:2      | Found an iron altar of Okawaru.
  1169 | D:2      | Became a worshipper of Warmaster Okawaru
  1389 | D:3      | Reached skill level 1 in Armour
  1390 | D:3      | Reached XP level 4. HP: 14/27 MP: 4/4
  1477 | D:3      | Noticed epen's ghost (amateur GrGl)
  1833 | D:3      | Noticed a giant frog
  1841 | D:3      | Killed a giant frog
  1841 | D:3      | Reached skill level 4 in Maces & Flails
  1841 | D:3      | Reached XP level 5. HP: 31/32 MP: 5/5
  1914 | D:3      | Found a sacrificial altar of Ru.
  1915 | D:3      | Found a snail-covered altar of Cheibriados.
  2039 | D:3      | Killed epen's ghost
  2039 | D:3      | Reached * piety under Okawaru
  2039 | D:3      | Reached XP level 6. HP: 9/37 MP: 6/6
  2331 | D:4      | Noticed Gorice's ghost (amateur TeTm)
  2344 | D:4      | Killed Gorice's ghost
  2662 | D:4      | Found a glowing golden altar of the Shining One.
  2714 | D:4      | Got a crude trident
  2715 | D:4      | Identified the cursed +0 trident of Guilt {flame, rElec MR+} (You found it on level 4 of the Dungeon)
  2841 | D:4      | Noticed Robin
  2848 | D:4      | Noticed Edmund
  2860 | D:4      | Reached XP level 7. HP: 39/42 MP: 7/7
  2898 | D:4      | Killed Robin
  3004 | D:4      | Reached skill level 5 in Maces & Flails
  3467 | D:3      | Found a bloodstained altar of Trog.
  3469 | D:3      | Noticed a wizard
  3476 | D:3      | Killed a wizard
  3794 | D:4      | Found an oddly glowing altar of Pakellas.
  3816 | D:5      | Entered Level 5 of the Dungeon
  4377 | D:5      | Lost dexterity.
  4443 | D:5      | Reached ** piety under Okawaru
  4443 | D:5      | Reached XP level 8. HP: 10/48 MP: 8/8
  4443 | D:5      | Slain by an ice beast

Skill      XL: |  1  2  3  4  5  6  7 |
---------------+----------------------+-----
Armour         | 1 2 3 |  3.7
Dodging        | 3 4 |  4.9
Fighting       | 3 4 |  4.7
Maces & Flails | 4 5 |  5.7
Throwing       | |  1.7

Action                   |  1- 3 |  4- 6 |  7- 9 || total
-------------------------+-------+-------+-------++-------
Melee: Flail             |   131 |   124 |       ||   255
       Trident           |       |    10 |   409 ||   419
  Use: Scroll            |       |       |     9 ||     9
       Potion            |       |       |     2 ||     2
  Eat: Chunk             |     1 |       |     6 ||     7
       Bread ration      |       |     1 |       ||     1
Armor: Leather armour    |    20 |       |       ||    20
       Scale mail        |    74 |    72 |   842 ||   988
Dodge: Dodged            |    73 |    63 |   475 ||   611
